 Dungeon Crawl Stone Soup version 0.32-a0-918-g0f22ef8d61 (webtiles) character file.

Game seed: 14839178242837409919

56 Fodor the Covered (level 3, 0/33 HPs)
             Began as a Minotaur Fighter on Apr 11, 2024.
             Slain by a gnoll
             ... wielding a +0 halberd
              (9 damage)
             ... on level 2 of the Dungeon.
             The game lasted 00:03:34 (593 turns).

Fodor the Covered (Minotaur Fighter)                 Turns: 593, Time: 00:03:34

Health: 0/33       AC:  7    Str: 22    XL:     3   Next: 69%
Magic:  2/2        EV:  8    Int:  5    God:
Gold:   79         SH:  4    Dex:  9    Spells: 2/2 levels left

rFire   . . .        a - +0 trident
rCold   . . .        c - +0 buckler
rNeg    . . .        b - +0 scale mail
rPois   .            (helmet restricted)
rElec   .            (no cloak)
rCorr   .            (no gloves)
SInv    .            (no boots)
Will    .....        (no amulet) Stlth
                     (no ring)
HPRegen 0.25/turn    (no ring)
MPRegen 0.08/turn

%: no passive effects
@: no status effects
A: horns 2, retaliatory headbutt
a: no special abilities


You were on level 2 of the Dungeon.
You visited 1 branch of the dungeon, and saw 2 of its levels.

You collected 79 gold pieces.

Inventory:

Hand Weapons
 a - a +0 trident (weapon)
Armour
 b - a +0 scale mail (worn)
 c - a +0 buckler (worn)
Scrolls
 g - a scroll of vulnerability {unknown}
 i - a scroll of blinking {unknown}
 j - a scroll of identify {unknown}
 k - a scroll of poison {unknown}
Potions
 d - a potion of might
 e - 2 potions of curing {unknown}
 f - 2 potions of mutation {unknown}
 h - a potion of berserk rage {unknown}


   Skills:
 + Level 4.0 Fighting
 + Level 3.7 Polearms
 + Level 4.4 Armour
 + Level 3.8 Shields


You had 2 spell levels left.
You didn't know any spells.
Your spell library was empty.

Dungeon Overview and Level Annotations

Branches:
Dungeon (2/15)

Altars:
Wu Jian


Innate Abilities, Weirdness & Mutations

You have a pair of horns on your head.
You reflexively headbutt those who attack you in melee.


Message History

You hit the gnoll.
The gnoll is heavily wounded.
A kobold comes into view. It is wielding a +0 dagger.
The gnoll barely misses you. The gnoll hits you with a +0 halberd.
You closely miss the gnoll.
The kobold shouts!
You block the gnoll's attack. The gnoll closely misses you.
You furiously retaliate!
You headbutt the gnoll!
You kill the gnoll!
You block the gnoll's attack.
You barely miss the gnoll. Your headbutt misses the gnoll.
You block the gnoll's attack.
You hit the gnoll. Your headbutt misses the gnoll.
The gnoll is lightly wounded.
The gnoll barely misses you.
You puncture the gnoll!
You kill the gnoll!
You block the kobold's attack.
You closely miss the kobold. The kobold hits you but does no damage.
A goblin comes into view. It is wielding a +0 dagger.
You barely miss the kobold.
The goblin shouts!
The kobold hits you with a +0 dagger.
* * * LOW HITPOINT WARNING * * *
You puncture the kobold!
You kill the kobold!
A gnoll comes into view. It is wielding a +0 halberd.
Things that are here:
a +0 dagger; a kobold corpse The gnoll shouts!
You hit the goblin.
You kill the goblin!
Things that are here:
a +0 dagger; a goblin corpse The gnoll hits you with a +0 halberd.
* * * LOW HITPOINT WARNING * * *
You hit the gnoll.
The gnoll is lightly wounded.
The gnoll hits you with a +0 halberd!
You die...

..........# ..........#
............
....################# #
....# #.####.......##..
....####................
........................
....###...###.......##
.#### #...)..).)@g...#
.# #....)).....#....#
.#### #...).####### ###
..)†###†....#
###.........#
####......# ##.....#
#....... #......##


You could see a gnoll.

Vanquished Creatures
  3 gnolls (D:2)
  A ribbon worm (D:2)
  An endoplasm (D:1)
  2 goblins
  2 hobgoblins (D:2)
  A quokka (D:1)
  5 ball pythons
  4 bats (D:1)
  2 frilled lizards (D:1)
  5 kobolds
  A rat (D:1)
27 creatures vanquished.

Notes
Turn   | Place    | Note
-------+----------+-------------------------------------------
     0 | D:1      | Fodor the Minotaur Fighter began the quest for the Orb.
     0 | D:1      | Reached XP level 1. HP: 19/19 MP: 0/0
    11 | D:1      | Found a faded altar of an unknown god.
   188 | D:1      | Reached XP level 2. HP: 27/27 MP: 1/1
   478 | D:1      | Found an ornate altar of the Wu Jian Council.
   575 | D:2      | Reached XP level 3. HP: 26/33 MP: 2/2
   593 | D:2      | Slain by a gnoll

Illustrated notes

Levels and vault maps discovered:
D:1:      dpeg_arrival_lava_altar, layout_basic,
          shapermc_ecumenical_altar_starsandcircs
D:2:      layout_basic, uniq_natasha, uniq_terence

Skill      XL: |  1  2 |
---------------+-------+-----
Fighting       | 4 |  4.0
Armour         | 4 |  4.4
Polearms       | 3 |  3.7
Shields        | |  3.8

Action                     || total
---------------------------++-------
  Melee: Trident           ||    50
         Headbutt          ||     4
 Armour: Scale mail        ||    61
  Dodge: Dodged            ||    27
  Block: Buckler           ||    14

Table legend: (Time is in decaauts)
 A = Elapsed time spent in this place.
 B = Non-inter-level travel time spent in this place.
 C = Inter-level travel time spent in this place.
 D = Time resting spent in this place.
 E = Time spent auto-exploring this place.
 F = Levels seen in this place.
 G = Mean time per level.
                   A        B        C        D        E       F      G
               +--------+--------+--------+--------+--------+-----+--------+
         Total |    604 |    589 |     15 |      0 |    290 |   2 |  302.0 |
       Dungeon |    604 |    589 |     15 |      0 |    290 |   2 |  302.0 |
               +--------+--------+--------+--------+--------+-----+--------+

Top non-repeatable levels by time:
     D:1: 531 daAuts
     D:2: 72 daAuts
